 Dungeon Crawl Stone Soup version 0.25.1-2-g60ff931df9 (webtiles) character file.

Game seed: 16270137657995276828

639 pokeman the Magician (level 7, -1/38 HPs)
             Began as a Deep Elf Wizard on Nov 11, 2020.
             Slain by Sigmund
             ... wielding a +0 scythe
              (7 damage)
             ... on level 4 of the Dungeon.
             The game lasted 00:10:36 (5684 turns).

pokeman the Magician (Deep Elf Wizard)              Turns: 5684, Time: 00:10:37

Health: -1/38      AC:  4    Str:  4    XL:     7   Next: 26%
Magic:  15/19      EV: 12    Int: 25    God:
Gold:   163        SH:  0    Dex: 13    Spells: 9/20 levels left

rFire    . . .     SeeInvis .   (no weapon)
rCold    . . .     Gourm    .   (no shield)
rNeg     . . .     Faith    .   q - +0 leather armour
rPois    .         Spirit   .   b - +0 hat
rElec    .         Reflect  .   x - +0 cloak
rCorr    .         Harm     .   (no gloves)
MR       .....                  (no boots)
Stlth    ++........             v - amulet of inaccuracy (curse)
HPRegen  0.12/turn              (no ring)
MPRegen  0.16/turn              (no ring)

@: no status effects
A: no striking features
a: no special abilities


You were on level 4 of the Dungeon.
You were not hungry.

You visited 1 branch of the dungeon, and saw 4 of its levels.

You collected 163 gold pieces.

Inventory:

Missiles
 h - 60 bolts
Armour
 b - a +0 hat (worn)
 k - a +0 buckler
 q - a +0 leather armour (worn)
 x - a +0 cloak (worn)
Jewellery
 v - a cursed amulet of inaccuracy (around neck)
Scrolls
 c - 6 scrolls of identify {unknown}
 j - a scroll of immolation {unknown}
 m - 2 scrolls of random uselessness {unknown}
 p - 4 scrolls of teleportation {unknown}
 r - 2 scrolls of enchant weapon {unknown}
 s - a scroll of enchant armour {unknown}
 t - 2 scrolls of remove curse {unknown}
 w - a scroll of fear {unknown}
 y - a scroll of amnesia {unknown}
Potions
 a - 2 potions of invisibility {unknown}
 e - a potion of lignification {unknown}
 f - 3 potions of curing
 g - 3 potions of haste {unknown}
 l - 2 potions of heal wounds {unknown}
 n - 2 potions of flight {unknown}
 o - a potion of brilliance {unknown}
 u - a potion of magic {unknown}
 z - 2 potions of mutation {unknown}
Comestibles
 d - 3 rations


   Skills:
 - Level 1.0 Fighting
 - Level 1.0 Armour
 - Level 3.0 Dodging
 + Level 3.7 Stealth
 - Level 1.0 Shields
 * Level 7.4 Spellcasting
 * Level 4.5 Conjurations
 - Level 1.1 Summonings
 - Level 1.1 Translocations
 - Level 1.0 Fire Magic
 - Level 1.1 Air Magic
 + Level 1.9 Poison Magic


You had 9 spell levels left.
You knew the following spells:

 Your Spells              Type           Power        Failure   Level  Hunger
a - Magic Dart            Conj           ####         1%          1    None
b - Mephitic Cloud        Conj/Pois/Air  ###.....     12%         3    None
c - Call Imp              Summ           ##......     11%         2    None
d - Blink                 Tloc           N/A          11%         2    None
e - Conjure Flame         Conj/Fire      ###.....     11%         3    None

Your spell library contained the following spells:

 Spells                   Type           Power        Failure   Level  Hunger
 Slow                     Hex            #.......     17%         2    None


Dungeon Overview and Level Annotations

Branches:
Dungeon (4/15)
 Temple: D:4-7

Altars:
Ashenzari
Kikubaaqudgha
Makhleb
Okawaru
Qazlal
Yredelemnul
The Shining One

Annotations:
D:4 Sigmund


Message History

Casting: Call Imp (safe; 11% risk of failure)
Confirm with . or Enter, or press ? or * to list all spells.
Aiming: Mephitic Cloud (dangerous; 12% risk of failure)
Press: ? - help, Shift-Dir - straight line, f/p - Sigmund
Aim: Sigmund, wielding a +0 scythe and wearing a +1 robe of magic resistance (heavily wounded) That beam is likely to hit you.
Continue anyway?
The ball explodes into a vile cloud!
The stinking cloud engulfs you but does no damage.
You are engulfed in noxious fumes.
You choke on the stench!
You are confused.
* * * LOW HITPOINT WARNING * * *
Sigmund gestures at you while chanting.
Your white imp resists with significant effort.
Your white imp closely misses Sigmund.
You feel less confused. Sigmund closely misses you.
Your white imp hits Sigmund but does no damage.
Unknown command.
Sigmund hits you from afar with a +0 scythe!
You die...

#....##.# #..###.####...########
#...)...###.#.#.#####...........
###.........##.......###########
##.###############.# # ##.## #.#
# ###...# ##.## # #...#.#
#####...####### # #.#...#
#☼○○..........#### #.#####
#@###...#####..... #.# #5# #..##
#....... #.# ####@###.###
#.###### #÷##########...[......#
#.# #............##.....#.# #.#
##################....# #.###
###....###...# #
#####.......####.# #
#.......########.####


You could see Sigmund and a friendly white imp (summoned).

Vanquished Creatures
  Grinder (D:4)
  2 scorpions (D:4)
  A vampire bat (D:4)
  A hound (D:4)
  A bullfrog skeleton (D:3)
  Terence (D:3)
  A worker ant (D:4)
  9 adders
  A worm (D:2)
  2 dart slugs
  2 leopard geckos
  7 orcs (D:4)
  5 bat skeletons (D:4)
  3 giant cockroaches
  6 goblins
  4 hobgoblins
  8 jackals
  2 quokkas
  9 bats
  7 frilled lizards
  5 kobolds
  4 rats
  A spectral orc (D:3)
83 creatures vanquished.

Vanquished Creatures (collateral kills)
  Edmund (D:4)
1 creature vanquished.

Grand Total: 84 creatures vanquished

Notes
Turn   | Place    | Note
-------+----------+-------------------------------------------
     0 | D:1      | pokeman the Deep Elf Wizard began the quest for the Orb.
     0 | D:1      | Reached XP level 1. HP: 10/10 MP: 7/7
   705 | D:1      | Reached XP level 2. HP: 16/16 MP: 7/9
  1171 | D:2      | Reached skill level 5 in Spellcasting
  1341 | D:2      | Reached XP level 3. HP: 20/20 MP: 5/11
  1346 | D:2      | Learned a level 3 spell: Mephitic Cloud
  1349 | D:2      | Learned a level 2 spell: Call Imp
  1352 | D:2      | Learned a level 2 spell: Blink
  1356 | D:2      | Learned a level 3 spell: Conjure Flame
  1676 | D:2      | Reached skill level 1 in Fighting
  1676 | D:2      | Reached skill level 1 in Armour
  2268 | D:3      | Found a burning altar of Makhleb.
  2275 | D:3      | Reached XP level 4. HP: 16/25 MP: 4/13
  2624 | D:3      | Found an iron altar of Okawaru.
  2652 | D:3      | Found a shattered altar of Ashenzari.
  2695 | D:3      | Noticed Terence
  3450 | D:3      | Found a stormy altar of Qazlal.
  3590 | D:3      | Found a basalt altar of Yredelemnul.
  3742 | D:3      | Killed Terence
  3742 | D:3      | Reached skill level 1 in Shields
  3742 | D:3      | Reached skill level 6 in Spellcasting
  3742 | D:3      | Reached XP level 5. HP: 21/29 MP: 5/15
  4149 | D:4      | Found an ancient bone altar of Kikubaaqudgha.
  4153 | D:4      | Reached skill level 1 in Fire Magic
  4153 | D:4      | Reached skill level 1 in Air Magic
  4153 | D:4      | Reached XP level 6. HP: 33/34 MP: 12/17
  4663 | D:4      | Noticed Grinder
  4669 | D:4      | Paralysed by Grinder for 7 turns
  4685 | D:4      | Paralysed by Grinder for 6 turns
  4970 | D:4      | Killed Grinder
  4970 | D:4      | Reached skill level 7 in Spellcasting
  4970 | D:4      | Reached skill level 1 in Poison Magic
  5144 | D:4      | Reached XP level 7. HP: 36/38 MP: 13/19
  5246 | D:4      | Found a glowing golden altar of the Shining One.
  5609 | D:4      | Noticed Sigmund
  5637 | D:4      | Noticed Edmund
  5664 | D:4      | Killed Edmund
  5684 | D:4      | Slain by Sigmund

Illustrated notes

Levels and vault maps discovered:
D:1:      noname_arrival_rooms_in_the_neighbourhood, layout_basic,
          chequers_serial_rivers_micro_e, minmay_misc_feat_roman, minivault_11,
          minmay_door_square, patterned_corridor
D:2:      layout_loops_ring
D:3:      layout_loops_corners, lemuel_crystal_altar,
          yredelemnul_forgotten_temple_becter, kennysheep_okawaru_gauntlet,
          grunt_qazlal_sundering, ashenzari_altar_1, uniq_terence
D:4:      layout_loops_ring, kennysheep_vampire_church, kennysheep_little_box,
          nicolae_tso_swordbearing_angel, uniq_sigmund, uniq_edmund,
          uniq_grinder

Skill      XL: |  1  2  3  4  5  6 |
---------------+-------------------+-----
Spellcasting   | 5 6 7 |  7.4
Fighting       | 1 |  1.0
Armour         | 1 |  1.0
Conjurations   | 2 3 4 |  4.5
Dodging        | 3 |  3.0
Shields        | 1 |  1.0
Fire Magic     | 1 |  1.0
Air Magic      | 1 |  1.1
Stealth        | 3 |  3.7
Poison Magic   | 1 |  1.9
Summonings     | |  1.1
Translocations | |  1.1

Action                   |  1- 3 |  4- 6 |  7- 9 || total
-------------------------+-------+-------+-------++-------
Melee: Unarmed           |     1 |     4 |       ||     5
 Cast: Magic Dart        |    90 |   142 |    14 ||   246
       Conjure Flame     |     1 |     4 |     1 ||     6
       Mephitic Cloud    |       |     2 |     5 ||     7
       Call Imp          |       |     5 |     2 ||     7
       Blink             |       |     1 |       ||     1
  Use: Potion            |     1 |       |       ||     1
 Stab: Confused          |       |     1 |       ||     1
  Eat: Chunk             |     4 |     8 |     2 ||    14
Armor: Leather armour    |     2 |    39 |       ||    41
Dodge: Dodged            |    18 |    73 |     6 ||    97
